AoeStats
← Fede_Furia

Golden Pit

503296262Analyzed
1v1 RM · 2mo ago on Aug 31, 2026· 44m 18s· 2 players
Game mode
Random Map
Map size
Tiny (2 player)
Population
200
Speed
Normal
Resources
Standard
Victory
Conquest
Starting age
Dark Age
Ending age
Imperial Age
RankedLock teamsTeams togetherTeam positionsShared explorationLock speedFull tech treeHidden civsTurbo modeCheats
Victory
Defeat
🇨🇱 Mongols · Chile
664
+12
vs
🇦🇷 Lithuanians · Argentina
582
-12
Fede_Furia
5:58 Loom
10:25 Feudal Age
17:42 Castle Age
16:04 Double-Bit Axe
16:14 Gold Mining
25:08 Horse Collar
27:04 Thumb Ring
26:52 Fletching
28:43 Elite Skirmisher
31:30 Bow Saw
31:29 Heavy Plow
32:44 Wheelbarrow
32:44 Padded Archer Armor
33:22 Bodkin Arrow
34:28 Hand Cart
34:00 Town Watch
37:34 Town Patrol
39:54 Leather Archer Armor
43:57 Imperial Age
41:50 Ballistics
41:11 Treadmill Crane
Bartoz
9:49 Feudal Age
10:22 Double-Bit Axe
10:42 Horse Collar
13:29 Wheelbarrow
14:48 Town Watch
17:22 Loom
20:00 Castle Age
17:51 Loom
20:11 Forging
19:52 Fletching
22:12 Bow Saw
22:05 Heavy Plow
22:31 Bodkin Arrow
23:12 Iron Casting
22:39 Padded Archer Armor
24:41 Hand Cart
26:47 Thumb Ring
31:46 Town Patrol
40:32 Imperial Age
40:43 Elite Mangudai
41:43 Conscription
42:54 Hoardings
43:24 Blast Furnace
42:27 Bracer
42:45 Leather Archer Armor
43:40 Blast Furnace
42:46 Scale Barding Armor
42:42 Scale Mail Armor
Connection lost

Rejoining the realm…

Still unreachable

The connection could not be restored.

Session expired

The server has moved on; the page needs a fresh start.